 Dungeon Crawl Stone Soup version 0.28-a0-1128-gb845255321 (webtiles) character file.

Game seed: 17889597238791342741

3675 Mageowned the Fighter (level 9, 0/85 HPs)
             Began as a Minotaur Berserker on Dec 12, 2021.
             Was an Elder of Trog.
             Shot with an arrow by a centaur warrior (21 damage)
             ... on level 8 of the Dungeon.
             The game lasted 00:50:18 (9574 turns).

Mageowned the Fighter (Minotaur Berserker)          Turns: 9574, Time: 00:50:19

Health: 0/85       AC:  9    Str: 26    XL:     9   Next: 89%
Magic:  8/8        EV: 11    Int:  4    God:    Trog [****..]
Gold:   635        SH:  0    Dex: 10    Spells: 8/8 levels left

rFire   + . .      SeeInvis .   A - +7 broad axe of the Water Diviner {vorpal, rF+}
rCold   . . .      Faith    .   (no shield)
rNeg    . . .      Spirit   .   n - +0 scale mail
rPois   .          Reflect  .   (helmet restricted)
rElec   .          Harm     .   (no cloak)
rCorr   .          Rampage  .   (no gloves)
Will    .....                   d - +0 pair of boots
Stlth   ..........              (no amulet)
HPRegen 0.24/turn               (no ring)
MPRegen 0.11/turn               (no ring)

@: no status effects
A: horns 2, retaliatory headbutt
a: Renounce Religion, Berserk, Trog's Hand, Brothers in Arms


You were on level 8 of the Dungeon.
You worshipped Trog.
Trog was greatly pleased with you.
You visited 1 branch of the dungeon, and saw 8 of its levels.
You also visited: Sewer.

You collected 635 gold pieces.

Inventory:

Hand Weapons
 p - a +2 morningstar of protection
 y - a +1 flail
 A - the +7 broad axe of the Water Diviner (weapon) {vorpal, rF+}
   (You found it on level 4 of the Dungeon)

   It inflicts extra damage upon your enemies.
   rF:        It protects you from fire.
Missiles
 s - 338 stones (quivered)
Armour
 a - a +2 robe of positive energy
 d - a +0 pair of boots (worn)
 n - a +0 scale mail (worn)
 t - the +1 leather armour of Ifiav {Rampage Drain Str+9}
   (You found it on level 7 of the Dungeon)

   Str:       It affects your strength (+9).
   Drain:     It drains your maximum health when unequipped.
   Rampage:   It bestows one free step when moving towards enemies.
 u - a +0 tower shield
Jewellery
 r - a ring of ice
 w - a +6 ring of strength
Wands
 j - a wand of iceblast (11)
 C - a wand of flame (42)
 E - a wand of acid (8)
Scrolls
 b - a scroll of teleportation
 i - a scroll of fog
 m - a scroll of noise
 o - a scroll of immolation {unknown}
Potions
 c - 3 potions of haste
 e - 2 potions of might
 f - a potion of cancellation {unknown}
 g - 7 potions of curing
 h - 2 potions of brilliance {unknown}
 k - 2 potions of heal wounds {unknown}
 l - 2 potions of berserk rage {unknown}
 q - a potion of experience {unknown}
 v - a potion of lignification {unknown}
 x - 2 potions of degeneration {unknown}


   Skills:
 + Level 10.0 Fighting
 + Level 7.9(8.9) Axes
 - Level 6.2(8.1) Polearms
 - Level 5.0 Throwing
 + Level 8.8 Armour
 - Level 2.4 Dodging
 - Level 0.3 Stealth


You had 8 spell levels left.
You didn't know any spells.
Your spell library was empty.

Dungeon Overview and Level Annotations

Branches:
Dungeon (8/15)             Temple (0/1) D:5           Sewer (visited)
   Lair: D:8-11

Altars:
Fedhas
Kikubaaqudgha
Nemelex Xobeh
Ru
Uskayaw
Xom
Yredelemnul


Innate Abilities, Weirdness & Mutations

You have a pair of horns on your head.
You reflexively headbutt those who attack you in melee.


Message History

The centaur is heavily wounded.
The centaur hits you but does no damage.
The centaur barely misses you.
The centaur hits you but does no damage.
The centaur kicks you but does no damage.
You slash the centaur!
You kill the centaur!
Trog accepts your kill.
Things that are here:
a +0 shortbow; 27 arrows An orc comes into view.
It is wielding a +0 whip.
The orc shouts!
The orc moves out of view.
You barely miss the orc. You headbutt the orc.
You kill the orc!
Trog accepts your kill.
Things that are here:
a +0 whip; an orc corpse
Found a sacrificial altar of Ru.
Things that are here:
a +0 whip; an orc corpse
Things that are here:
a +0 shortbow; 27 arrows
Things that are here:
a +0 shortbow; 27 arrows A centaur warrior comes into view.
The centaur warrior shouts!
The centaur warrior wields a +0 longbow.
The centaur warrior shoots an arrow.
The arrow hits you!
The centaur warrior shoots an arrow.
The arrow hits you.
The centaur warrior shoots an arrow.
The arrow hits you!!
Press: ? - help, . - travel You can't see that place. [a rock wall.]
The centaur warrior shoots an arrow.
The arrow hits you!
The centaur warrior shoots an arrow.
The arrow completely misses you.
The centaur warrior shoots an arrow.
The arrow hits you!!
* * * LOW HITPOINT WARNING * * *
The centaur warrior shoots an arrow.
The arrow hits you!!
You die...

##.....###### #..# ##.
##....>###########..###########..
......##.c.....c.#.............#.
####.....#######.#.###########.#.
####..##.## #.......####......
..........## #.#.###...........
####.......# #...# ######.##.##
####..#...## #.##########.##.##
......#..## #@).......##.##.##
..^...#...######.#######.##.##.##
###....###.......# #.##......
##...# #...###########.##..#...
#.#.###...##...#...##.##..####
#.##...##.#.........####..# #
#.###.###.)........._#....# # #.#
#.# ###.........##<##.# # #.# #.#
##...#...###.##.# #


You could see a centaur warrior.

Vanquished Creatures
  Sigmund (D:6)
  Eustachio (D:4)
  Menkaure (D:4)
  2 water moccasins
  An orc warrior (D:6)
  Pargi (Sewer)
  An ice beast (D:8)
  A necrophage (D:7)
  A black bear (D:6)
  3 ogres
  3 centaurs
  A phantom (D:4)
  2 kobold brigands
  3 bullfrogs
  2 gnoll sergeants
  2 scorpions (D:6)
  A wyvern skeleton (D:6)
  5 killer bees (D:7)
  A howler monkey (D:8)
  A jelly (D:5)
  2 bullfrog zombies
  4 hounds
  5 orc priests
  2 bullfrog skeletons
  3 iguanas (D:4)
  Crazy Yiuf (D:6)
  A centaur skeleton (D:5)
  Terence (D:2)
  Natasha (thrice) (D:2)
  6 orc wizards
  7 gnolls
  7 adders
  2 shadow imps
  2 white imps
  2 ufetubi
  2 adder skeletons (D:4)
  5 worms
  28 orcs
  A bat zombie (D:3)
  8 endoplasms
  3 giant cockroaches
  4 goblins
  4 hobgoblins
  A jackal (D:3)
  7 quokkas
  8 ball pythons
  6 bats
  6 frilled lizards
  14 kobolds
  5 rats
  2 rat zombies (D:3)
186 creatures vanquished.

Vanquished Creatures (collateral kills)
  A hound (D:5)
1 creature vanquished.

Vanquished Creatures (others)
  An orc wizard (D:5)
1 creature vanquished.

Grand Total: 188 creatures vanquished

Notes
Turn   | Place    | Note
-------+----------+-------------------------------------------
     0 | D:1      | Mageowned the Minotaur Berserker began the quest for the
                  | Orb.
     0 | D:1      | Reached XP level 1. HP: 19/19 MP: 0/0
   495 | D:1      | You fall into a shaft and drop 1 floor!
   513 | D:2      | Found a faded altar of an unknown god.
   593 | D:2      | Reached XP level 2. HP: 27/27 MP: 1/1
   647 | D:2      | Reached skill level 4 in Fighting
   745 | D:2      | Noticed Terence
   751 | D:2      | Killed Terence
   752 | D:2      | Reached XP level 3. HP: 34/34 MP: 2/2
   875 | D:2      | Noticed Natasha
   887 | D:2      | Killed Natasha
   888 | D:2      | Reached skill level 5 in Polearms
   888 | D:2      | Reached XP level 4. HP: 41/41 MP: 3/3
   911 | D:2      | Noticed Natasha
   925 | D:2      | Killed Natasha
  1068 | D:2      | Noticed Natasha
  1079 | D:2      | Killed Natasha
  1080 | D:2      | Reached skill level 5 in Fighting
  1127 | D:2      | Reached XP level 5. HP: 45/48 MP: 4/4
  1287 | D:3      | Found a blossoming altar of Fedhas.
  1347 | D:3      | Found a glowing drain.
  1396 | Sewer    | Entered a sewer
  1428 | Sewer    | Noticed Pargi
  1443 | Sewer    | Killed Pargi
  1788 | D:3      | Reached ** piety under Trog
  1843 | D:3      | Reached XP level 6. HP: 57/57 MP: 5/5
  2098 | D:3      | Reached skill level 6 in Fighting
  2102 | D:3      | Found an ancient bone altar of Kikubaaqudgha.
  2775 | D:4      | Noticed Menkaure
  2788 | D:3      | Reached skill level 1 in Axes
  3005 | D:4      | Killed Menkaure
  3006 | D:4      | Reached skill level 1 in Throwing
  3203 | D:4      | Identified the +7 broad axe of the Water Diviner {vorpal,
                  | rF+}
  3226 | D:4      | Reached XP level 7. HP: 64/64 MP: 6/6
  3666 | D:4      | Found a hide-covered altar of Uskayaw.
  3674 | D:4      | Noticed Eustachio
  3716 | D:4      | Killed Eustachio
  3759 | D:4      | Reached skill level 5 in Armour
  4055 | D:5      | Entered Level 5 of the Dungeon
  4130 | D:5      | Reached skill level 7 in Fighting
  4567 | D:5      | Reached XP level 8. HP: 72/73 MP: 7/7
  4615 | D:5      | Reached *** piety under Trog
  4838 | D:5      | Found a shimmering altar of Xom.
  4948 | D:5      | Found a basalt altar of Yredelemnul.
  4995 | D:5      | Found a staircase to the Ecumenical Temple.
  6283 | D:6      | Reached skill level 8 in Fighting
  6283 | D:6      | Reached skill level 5 in Axes
  6417 | D:6      | Noticed Sigmund
  6444 | D:6      | Killed Sigmund
  6445 | D:6      | Reached XP level 9. HP: 53/82 MP: 8/8
  6904 | D:6      | Found a runed translucent door.
  6905 | D:6      | Noticed Crazy Yiuf
  7261 | D:6      | Found a sparkling altar of Nemelex Xobeh.
  7392 | D:6      | Killed Crazy Yiuf
  7393 | D:6      | Reached skill level 5 in Throwing
  7603 | D:7      | Identified the +1 leather armour of Ifiav {Rampage Drain
                  | Str+9}
  7619 | D:7      | Reached skill level 9 in Fighting
  8790 | D:8      | Reached **** piety under Trog
  9413 | D:8      | Reached skill level 10 in Fighting
  9500 | D:8      | Found a sacrificial altar of Ru.
  9564 | D:8      | Noticed a centaur warrior
  9574 | D:8      | Shot with an arrow by a centaur warrior

Illustrated notes

Levels and vault maps discovered:
D:1:      nagdon_arrival_double_spiral, layout_loops_ring, corexii_corridor_pit
D:2:      layout_rooms, shapermc_ecumenical_altar_acropolis, bh_walls_and_bars,
          uniq_terence, uniq_natasha
D:3:      layout_loops_corners, mainiacjoe_overflow_six_doors_small,
          lemuel_zombie_altar_kikubaaqudgha, cheibrodos_sewer_entry_drain,
          minmay_fractal_squares_diagonal_5
D:4:      layout_loops_cross, eat_drink_and_be_merry_uskayaw,
          minmay_tree_intersection, uniq_menkaure, uniq_eustachio
D:5:      layout_gridville, xom_confusion_cloud, amcnicky_altar_gilded,
          minmay_temple_entry_hall, minmay_misc_feat_four_crosses
D:6:      minmay_spotlight, layout_loops_cross,
          nemelex_xobeh_ov_fountains_minmay, uniq_sigmund,
          uniq_crazy_yiuf_cottage
D:7:      layout_cave_pools, minmay_stone_trees_small
D:8:      layout_loops_ring, marbit_many_paths, minmay_pinched_square

Skill      XL: |  1  2  3  4  5  6  7  8  9 |
---------------+----------------------------+-----
Polearms       | 4 5 6 |  6.2
Fighting       | 4 5 6 7 8 10 | 10.0
Armour         | 3 4 5 6 8 |  8.8
Axes           | 2 3 5 7 |  7.9
Throwing       | 1 3 4 5 |  5.0
Dodging        | |  2.4
Stealth        | |  0.3

Action                   |  1- 3 |  4- 6 |  7- 9 || total
-------------------------+-------+-------+-------++-------
Melee: Spear             |    36 |   103 |       ||   139
       Headbutt          |     6 |    30 |    47 ||    83
       Hand axe          |       |    46 |       ||    46
       Broad axe         |       |     1 |   202 ||   203
Invok: Berserk           |     2 |     4 |     4 ||    10
Evoke: Wand              |       |       |     1 ||     1
  Use: Scroll            |       |     1 |    15 ||    16
Armor: Animal skin       |     4 |       |       ||     4
       Scale mail        |     3 |    63 |   128 ||   194
Dodge: Dodged            |    22 |    85 |   143 ||   250

Table legend: (Time is in decaauts)
 A = Elapsed time spent in this place.
 B = Non-inter-level travel time spent in this place.
 C = Inter-level travel time spent in this place.
 D = Time resting spent in this place.
 E = Time spent auto-exploring this place.
 F = Levels seen in this place.
 G = Mean time per level.
                   A        B        C        D        E       F      G
               +--------+--------+--------+--------+--------+-----+--------+
         Total |   9761 |   9482 |    279 |   2739 |   4513 |   9 | 1084.6 |
       Dungeon |   9514 |   9235 |    279 |   2688 |   4425 |   8 | 1189.2 |
         Sewer |    246 |    246 |      0 |     51 |     88 |   1 |  246.0 |
               +--------+--------+--------+--------+--------+-----+--------+

Top non-repeatable levels by time:
     D:6: 1823 daAuts
     D:5: 1758 daAuts
     D:3: 1470 daAuts
     D:4: 1312 daAuts
     D:7: 1063 daAuts
     D:2: 831 daAuts
     D:8: 778 daAuts
     D:1: 476 daAuts
   Sewer: 246 daAuts
